 Dungeon Crawl Stone Soup version 0.16-a0-3855-gd2600ac (webtiles) character file.

47 timbw the Caller (level 3, -2/24 HPs)
             Began as a Human Summoner on Jan 31, 2015.
             Slain by Blork the orc
             ... wielding a +0 hand axe
              (11 damage)
             ... on level 4 of the Dungeon.
             The game lasted 00:05:50 (1005 turns).

timbw the Caller (Human Summoner)                   Turns: 1005, Time: 00:05:50

Health: -2/24      AC:  5    Str:  8    XL:     3   Next: 97%
Magic:  2/6        EV: 12    Int: 16    God:
Gold:   149        SH:  0    Dex: 13    Spells: 2 memorised, 4 levels left

rFire  . . .     SeeInvis .     n - +1 short sword (flame)
rCold  . . .     Clarity  .     a - +0 robe
rNeg   . . .     SustAb   .     (no shield)
rPois  .         Gourm    .     e - +0 helmet
rElec  .         Spirit   .     (no cloak)
rCorr  .         Warding  .     q - +1 pair of gloves
rMut   .         Stasis   .     (no boots)
MR     .....                    (no amulet)
Stlth  ++........               (no ring)
                                f - +3 ring of slaying

@: not resistant to hostile enchantments, unstealthy
A: no striking features
a: no special abilities


You were on level 4 of the Dungeon.
You were hungry.

You visited 1 branch of the dungeon, and saw 4 of its levels.

You collected 149 gold pieces.

Inventory:

Hand weapons
 m - a +3 dagger of holy wrath
 n - a +1 short sword of flaming (weapon)
Missiles
 g - 5 javelins (quivered)
Armour
 a - a +0 robe (worn)
 e - a +0 helmet (worn)
 q - a +1 pair of gloves (worn)
Jewellery
 f - a +3 ring of slaying (left hand)
Scrolls
 j - 3 scrolls of remove curse
 k - a scroll of enchant weapon
Potions
 i - a potion of poison {unknown}
 l - a potion of haste {unknown}
 s - a potion of agility
Books
 b - a book of Callings

   Spells                             Type                      Level
   a - Summon Small Mammal            Summoning                    1
   b - Call Imp                       Summoning                    2
   c - Call Canine Familiar           Summoning                    3
   d - Summon Guardian Golem          Hexes/Summoning              4
   e - Summon Lightning Spire         Summoning/Air                4
   f - Summon Ice Beast               Ice/Summoning                4
Comestibles
 c - 5 bread rations
 h - a slice of pizza
 o - a beef jerky
 t - a chunk of flesh


   Skills:
 - Level 2.0 Dodging
 - Level 2.0 Stealth
 + Level 2.9 Spellcasting
 + Level 4.7 Summonings


You had 4 spell levels left.
You knew the following spells:

 Your Spells              Type           Power        Failure   Level  Hunger
a - Summon Small Mammal   Summ           ###.         3%          1    #......
b - Call Imp              Summ           ###.....     6%          2    ##.....


Dungeon Overview and Level Annotations

Branches:
Dungeon (4/15)
 Temple: D:4-7

Altars:
Fedhas
Makhleb
Nemelex Xobeh
Okawaru
Ru
Yredelemnul
Zin

Annotations:
D:4 Blork the orc


Message History

The jackal dies!
Something hits you.
Something barely misses your crimson imp.
You hear some strange, mumbled words.
The magic dart hits you! Something hits you.
* * * LOW HITPOINT WARNING * * *
Something closely misses your crimson imp.
You hear some strange, mumbled words.
The puff of frost hits you!
* * * LOW HITPOINT WARNING * * *
Found a cloak.
Drink which item? (? for menu, Esc to quit)
It was a potion of heal wounds.
You feel much better. The orc closely misses you. Something hits you.
Something closely misses your crimson imp.
Something hits you! Something barely misses you. Something hits you!
You die...

#.#.#######
#.........#
#.........#
#.........# #
#.........# #.
#.........# <.
#.........#
#.##o........#
#..@.........#
#####.....5!.#
+.....5††#
#.....5(.#
....#######
###.# [.. ...


You could see an orc and 3 friendly crimson imps.

Vanquished Creatures
  A ball python (D:3)
  3 bats
  A giant cockroach (D:2)
  3 hobgoblins (D:3)
  A goblin (D:2)
  4 jackals
  4 kobolds
  5 rats (D:3)
22 creatures vanquished.

Vanquished Creatures (collateral kills)
  2 adders
  A giant mite (D:3)
  An orc (D:3)
  A bat skeleton (D:4)
  A giant cockroach (D:2)
  3 hobgoblins
  2 jackals (D:4)
  A quokka (D:3)
  2 bats (D:1)
  2 giant newts
  2 kobolds (D:2)
  2 rats
20 creatures vanquished.

Vanquished Creatures (others)
  A quokka (D:1)
  A rat (D:4)
2 creatures vanquished.

Grand Total: 44 creatures vanquished

Notes
Turn   | Place    | Note
--------------------------------------------------------------
     0 | D:1      | timbw, the Human Summoner, began the quest for the Orb.
     0 | D:1      | Reached XP level 1. HP: 13/13 MP: 3/3
   291 | D:2      | Noticed a hound
   291 | D:2      | Noticed a hound
   321 | D:2      | Reached XP level 2. HP: 19/19 MP: 1/4
   329 | D:2      | Learned a level 2 spell: Call Imp
   513 | D:3      | Reached XP level 3. HP: 15/24 MP: 0/6
   589 | D:3      | Found an iron altar of Okawaru.
   604 | D:3      | Found a sacrificial altar of Ru.
   604 | D:3      | Found a blossoming altar of Fedhas.
   607 | D:3      | Found a sparkling altar of Nemelex Xobeh.
   610 | D:3      | Found a burning altar of Makhleb.
   611 | D:3      | Found a glowing silver altar of Zin.
   612 | D:3      | Found a basalt altar of Yredelemnul.
   981 | D:4      | Noticed Blork the orc
   998 | D:4      | HP: 1/24 [something/puff of frost (6)]
  1005 | D:4      | Slain by Blork the orc

Action                   || total
-------------------------++-------
Melee: Unarmed           ||    17
       Dagger            ||     9
       Short sword       ||    33
Throw: Javelin           ||     3
 Cast: Summon Small Mamm ||    14
       Call Imp          ||    18
  Use: Scroll            ||     4
       Potion            ||     1
 Stab: Sleeping          ||     1
  Eat: Chunk             ||     1
